PIO (24 & UNDER)
SASKATOON SMOKIN' GUNS @ COLORADO COMMANDERS
10/09/2030
 
TOP OF THE 1ST
Saskatoon Smokin' Guns batting - Pitching for Colorado Commanders : RHP Alberto García
Pitching: RHP Alberto García
Batting: RHB Luis Suárez 0-0: Ball
1-0: SINGLE (Groundball, 6MD)
Batting: RHB Júlio Durán 0-0: Called Strike
0-1: Foul Ball, location: 2F
0-2: Foul Ball, location: 2F
0-2: Ball
1-2: Foul Ball, location: 2F
1-2: Ball
2-2: Grounds into double play, 4-6-3 (Groundball, 4)
Batting: RHB Juan Alvarado 0-0: Called Strike
0-1: Ball
1-1: SINGLE (Line Drive, 9LS)
Batting: RHB Lyle Johnston 0-0: Ball
1-0: Ball
2-0: Ball
3-0: Base on Balls
Juan Alvarado to second
Batting: RHB Bill Ménard 0-0: Ball
1-0: Ball
2-0: Called Strike
2-1: Ball
3-1: Fielders Choice at 2nd, 5-4 (Groundball, 56)
Top of the 1st over - 0 runs, 2 hits, 0 errors, 2 left on base; Saskatoon 0 - Colorado 0
BOTTOM OF THE 1ST
Colorado Commanders batting - Pitching for Saskatoon Smokin' Guns : RHP Marcos Féliz
Pitching: RHP Marcos Féliz
Batting: RHB Félix Campos 0-0: Ball
1-0: Ball
2-0: Called Strike
2-1: Ball
3-1: Called Strike
3-2: SINGLE (Groundball, 5S) (infield hit)
Batting: RHB Lawrence Ware 0-0: Called Strike
0-1: Foul Ball, location: 2F
0-2: Ball
1-2: Ground out 5-3 (Groundball, 56S)
Félix Campos to second
Batting: LHB Arthur Guzmán 0-0: Ball
1-0: Ball
2-0: Ball
3-0: Base on Balls
Batting: LHB Francisco Ríos 0-0: Called Strike
Félix Campos is caught stealing 3rd base
0-1: Ball
1-1: Called Strike
1-2: Ball
2-2: Ball
3-2: 2-RUN HOME RUN (Flyball, 9LD), Distance : 342 ft
Batting: RHB Henry Cahill 0-0: Swinging Strike
0-1: Ball
1-1: Ball
2-1: Fly out, F9 (Line Drive, 9)
Bottom of the 1st over - 2 runs, 2 hits, 0 errors, 0 left on base; Saskatoon 0 - Colorado 2
TOP OF THE 2ND
Saskatoon Smokin' Guns batting - Pitching for Colorado Commanders : RHP Alberto García
Batting: RHB Artie Turner 0-0: Called Strike
0-1: Called Strike
0-2: Strikes out looking
Batting: RHB Héctor Garza 0-0: Ball
1-0: Ball
2-0: Ball
3-0: Foul Ball, location: 2F
3-1: Base on Balls
Batting: RHB Rafael Gonzáles 0-0: Ball
1-0: Called Strike
Héctor Garza is caught stealing 2nd base
1-1: Swinging Strike
1-2: Ball
2-2: SINGLE (Groundball, 34D)
Batting: LHB Raúl Luna 0-0: Ball
Rafael Gonzáles steals 2nd base
1-0: Foul Ball, location: 2F
1-1: Swinging Strike
1-2: Foul Ball, location: 2F
1-2: Ball
Wild Pitch!
Rafael Gonzáles to third
2-2: Ball
3-2: Strikes out swinging
Top of the 2nd over - 0 runs, 1 hit, 0 errors, 1 left on base; Saskatoon 0 - Colorado 2
BOTTOM OF THE 2ND
Colorado Commanders batting - Pitching for Saskatoon Smokin' Guns : RHP Marcos Féliz
Batting: LHB Roberto Herrera 0-0: Ball
1-0: Ball
2-0: Foul Ball, location: 2F
2-1: Called Strike
2-2: Ball
3-2: Foul Ball, location: 2F
3-2: Base on Balls
Batting: RHB William Dyer 0-0: Ball
1-0: Foul Ball, location: 2F
1-1: Foul Ball, location: 2F
1-2: Foul Ball, location: 2F
1-2: Strikes out swinging
Batting: RHB Carlos Jiménez 0-0: Ball
1-0: Ball
2-0: Ball
3-0: Base on Balls
Roberto Herrera to second
Batting: RHB Júlio Ramos 0-0: Ball
1-0: Called Strike
1-1: Ball
2-1: Ball
3-1: Called Strike
3-2: Strikes out swinging
Batting: RHB Félix Campos 0-0: Ball
1-0: Ball
2-0: Foul Ball, location: 2F
2-1: Ball
3-1: Base on Balls
Roberto Herrera to third
Carlos Jiménez to second
Batting: RHB Lawrence Ware 0-0: Foul Ball, location: 2F
0-1: Ball
1-1: Ball
2-1: Ball
3-1: Foul Ball, location: 2F
3-2: Strikes out swinging
Bottom of the 2nd over - 0 runs, 0 hits, 0 errors, 3 left on base; Saskatoon 0 - Colorado 2
TOP OF THE 3RD
Saskatoon Smokin' Guns batting - Pitching for Colorado Commanders : RHP Alberto García
Batting: RHB Luis Suárez 0-0: Called Strike
0-1: Ball
1-1: Fly out, F4 (Line Drive, 4)
Batting: RHB Júlio Durán 0-0: Foul Ball, location: 2F
0-1: Swinging Strike
0-2: Strikes out swinging
Batting: RHB Juan Alvarado 0-0: Called Strike
0-1: Foul Ball, location: 2F
0-2: Foul Ball, location: 2F
0-2: Foul Ball, location: 2F
0-2: Foul Ball, location: 2F
0-2: Foul Ball, location: 2F
0-2: Ground out 4-3 (Groundball, 4)
Top of the 3rd over - 0 runs, 0 hits, 0 errors, 0 left on base; Saskatoon 0 - Colorado 2
BOTTOM OF THE 3RD
Colorado Commanders batting - Pitching for Saskatoon Smokin' Guns : RHP Marcos Féliz
Batting: LHB Arthur Guzmán 0-0: Ball
1-0: Foul Ball, location: 2F
1-1: Swinging Strike
1-2: Strikes out swinging
Batting: LHB Francisco Ríos 0-0: Foul Ball, location: 2F
0-1: Fly out, F9 (Line Drive, 9)
Batting: RHB Henry Cahill 0-0: Ball
1-0: Swinging Strike
1-1: Ball
2-1: Ball
3-1: Base on Balls
Batting: LHB Roberto Herrera 0-0: Ball
1-0: Fly out, F9 (Flyball, 9LM)
Bottom of the 3rd over - 0 runs, 0 hits, 0 errors, 1 left on base; Saskatoon 0 - Colorado 2
TOP OF THE 4TH
Saskatoon Smokin' Guns batting - Pitching for Colorado Commanders : RHP Alberto García
Batting: RHB Lyle Johnston 0-0: Ball
1-0: Swinging Strike
1-1: Foul Ball, location: 2F
1-2: Strikes out swinging
Batting: RHB Bill Ménard 0-0: Foul Ball, location: 2F
0-1: Ground out 4-3 (Groundball, 4)
Batting: RHB Artie Turner 0-0: Ball
1-0: Foul Ball, location: 2F
1-1: Foul Ball, location: 2F
1-2: Ball
2-2: Strikes out looking
Top of the 4th over - 0 runs, 0 hits, 0 errors, 0 left on base; Saskatoon 0 - Colorado 2
BOTTOM OF THE 4TH
Colorado Commanders batting - Pitching for Saskatoon Smokin' Guns : RHP Marcos Féliz
Batting: RHB William Dyer 0-0: Ball
1-0: Called Strike
1-1: Ball
2-1: Ball
3-1: Base on Balls
Batting: RHB Carlos Jiménez 0-0: Called Strike
0-1: Ground out 6-3 (Groundball, 6S)
William Dyer to second
Batting: RHB Júlio Ramos 0-0: Ground out 5-3 (Groundball, 5S)
William Dyer to third
Batting: RHB Félix Campos 0-0: Ball
1-0: Fly out, F8 (Flyball, 8RD)
Bottom of the 4th over - 0 runs, 0 hits, 0 errors, 1 left on base; Saskatoon 0 - Colorado 2
TOP OF THE 5TH
Saskatoon Smokin' Guns batting - Pitching for Colorado Commanders : RHP Alberto García
Batting: RHB Héctor Garza 0-0: Ball
1-0: Swinging Strike
1-1: Called Strike
1-2: Strikes out swinging
Batting: RHB Rafael Gonzáles 0-0: Called Strike
0-1: Called Strike
0-2: Ball
1-2: Strikes out looking
Batting: LHB Raúl Luna 0-0: Ball
1-0: SINGLE (Flyball, 7S)
Batting: RHB Luis Suárez 0-0: Ball
1-0: Fly out, F9 (Flyball, 89S)
Top of the 5th over - 0 runs, 1 hit, 0 errors, 1 left on base; Saskatoon 0 - Colorado 2
BOTTOM OF THE 5TH
Colorado Commanders batting - Pitching for Saskatoon Smokin' Guns : RHP Marcos Féliz
Batting: RHB Lawrence Ware 0-0: Ball
1-0: Ball
2-0: Called Strike
2-1: Foul Ball, location: 2F
2-2: SINGLE (Line Drive, 9S)
Batting: LHB Arthur Guzmán 0-0: Called Strike
0-1: Ball
1-1: Called Strike
1-2: Ground out 4-3 (Groundball, 34D)
Lawrence Ware to second
Batting: LHB Francisco Ríos 0-0: Intentional Walk
Batting: RHB Henry Cahill 0-0: Ball
1-0: Grounds into double play, 6-4-3 (Groundball, 6)
Bottom of the 5th over - 0 runs, 1 hit, 0 errors, 1 left on base; Saskatoon 0 - Colorado 2
TOP OF THE 6TH
Saskatoon Smokin' Guns batting - Pitching for Colorado Commanders : RHP Alberto García
Batting: RHB Júlio Durán 0-0: Called Strike
0-1: Ball
1-1: Ball
2-1: DOUBLE (Groundball, 5L)
Batting: RHB Juan Alvarado 0-0: Called Strike
0-1: Ball
1-1: Foul Ball, location: 2F
1-2: Strikes out swinging
Batting: RHB Lyle Johnston 0-0: Ground out 1-3 (Groundball, 15S)
Batting: RHB Bill Ménard 0-0: SINGLE (Line Drive, 6MD)
Júlio Durán to third
Batting: RHB Artie Turner 0-0: Foul Ball, location: 2F
0-1: Ball
1-1: Ball
2-1: Swinging Strike
2-2: Ball
3-2: Ground out 6-3 (Groundball, 6)
Top of the 6th over - 0 runs, 2 hits, 0 errors, 2 left on base; Saskatoon 0 - Colorado 2
BOTTOM OF THE 6TH
Colorado Commanders batting - Pitching for Saskatoon Smokin' Guns : RHP Marcos Féliz
Batting: LHB Roberto Herrera 0-0: Ball
1-0: Called Strike
1-1: Foul Ball, location: 2F
1-2: Foul Ball, location: 2F
1-2: Ball
2-2: Ball
3-2: Fly out, F9 (Line Drive, 9)
Batting: RHB William Dyer 0-0: Ball
1-0: Called Strike
1-1: Fly out, F9 (Line Drive, 9D)
Batting: RHB Carlos Jiménez 0-0: Foul Ball, location: 2F
0-1: Foul Ball, location: 2F
0-2: Ball
1-2: Strikes out looking
Bottom of the 6th over - 0 runs, 0 hits, 0 errors, 0 left on base; Saskatoon 0 - Colorado 2
TOP OF THE 7TH
Saskatoon Smokin' Guns batting - Pitching for Colorado Commanders : RHP Alberto García
Batting: RHB Héctor Garza 0-0: Called Strike
0-1: Ball
1-1: Called Strike
1-2: Ball
2-2: Ball
3-2: Strikes out looking
Batting: RHB Rafael Gonzáles 0-0: Called Strike
0-1: Foul Ball, location: 2F
0-2: Ball
1-2: Foul Ball, location: 2F
1-2: SINGLE (Groundball, 6D)
Batting: LHB Raúl Luna 0-0: Ball
1-0: Called Strike
1-1: Foul Ball, location: 2F
1-2: Strikes out swinging
Batting: RHB Luis Suárez 0-0: Ball
1-0: Ground out 4-3 (Groundball, 4)
Top of the 7th over - 0 runs, 1 hit, 0 errors, 1 left on base; Saskatoon 0 - Colorado 2
BOTTOM OF THE 7TH
Colorado Commanders batting - Pitching for Saskatoon Smokin' Guns : RHP Marcos Féliz
Pitching: RHP Jorge Valentín
Batting: RHB Júlio Ramos 0-0: Ball
1-0: Ball
2-0: SOLO HOME RUN (Flyball, 7LD), Distance : 357 ft
Batting: RHB Félix Campos 0-0: Swinging Strike
0-1: Fly out, F8 (Flyball, 8RD)
Batting: RHB Lawrence Ware 0-0: Ball
1-0: Foul Ball, location: 2F
1-1: Foul Ball, location: 2F
1-2: Ball
2-2: Ball
3-2: Base on Balls
Batting: LHB Arthur Guzmán 0-0: Ball
1-0: Ball
2-0: Foul Ball, location: 2F
2-1: Foul Ball, location: 2F
2-2: Foul Ball, location: 2F
2-2: SINGLE (Line Drive, 4MD)
Lawrence Ware to second
Pitching: RHP Jean-Paul Derrien
Batting: LHB Francisco Ríos 0-0: Ball
Lawrence Ware steals 3rd base
Arthur Guzmán to second
1-0: Intentional Walk
Batting: RHB Henry Cahill 0-0: Grounds into fielders choice 1-2 (Groundball, 13)
Arthur Guzmán to third
Francisco Ríos to second
Batting: LHB Roberto Herrera 0-0: Fly out, F9 (Flyball, 89D)
Bottom of the 7th over - 1 run, 2 hits, 0 errors, 3 left on base; Saskatoon 0 - Colorado 3
TOP OF THE 8TH
Saskatoon Smokin' Guns batting - Pitching for Colorado Commanders : RHP Alberto García
Now in RF: Eric Patrick
Batting: RHB Júlio Durán 0-0: Ball
1-0: Called Strike
1-1: Called Strike
1-2: Strikes out swinging
Batting: RHB Juan Alvarado 0-0: Ball
1-0: Ground out U3 (Groundball, 34S)
Batting: RHB Lyle Johnston 0-0: Called Strike
0-1: Ball
1-1: Called Strike
1-2: Strikes out swinging
Top of the 8th over - 0 runs, 0 hits, 0 errors, 0 left on base; Saskatoon 0 - Colorado 3
BOTTOM OF THE 8TH
Colorado Commanders batting - Pitching for Saskatoon Smokin' Guns : RHP Jean-Paul Derrien
Batting: RHB William Dyer 0-0: SINGLE (Flyball, 89M)
Batting: RHB Carlos Jiménez 0-0: Fly out, F3 (Popup, 3)
Batting: RHB Júlio Ramos 0-0: Called Strike
0-1: Ball
1-1: Called Strike
1-2: Foul Ball, location: 2F
1-2: Foul Ball, location: 2F
1-2: Foul Ball, location: 2F
1-2: Ball
2-2: Ball
3-2: Foul Ball, location: 2F
3-2: 2-RUN HOME RUN (Flyball, 7D), Distance : 350 ft
Batting: RHB Félix Campos 0-0: Foul Ball, location: 2F
0-1: Called Strike
0-2: Ball
1-2: Strikes out swinging
Batting: RHB Lawrence Ware 0-0: Called Strike
0-1: Ball
1-1: Foul Ball, location: 2F
1-2: DOUBLE (Flyball, 89XD)
Pinch Runner at 2nd Alfonso Flores:
Batting: RHB Eric Patrick 0-0: Called Strike
0-1: Ground out 4-3 (Groundball, 4)
Bottom of the 8th over - 2 runs, 3 hits, 0 errors, 1 left on base; Saskatoon 0 - Colorado 5
TOP OF THE 9TH
Saskatoon Smokin' Guns batting - Pitching for Colorado Commanders : RHP Alberto García
Pitching: LHP Juan Vásquez
Now at SS: Alfonso Flores
Batting: RHB Bill Ménard 0-0: Called Strike
0-1: Ball
1-1: Swinging Strike
1-2: Foul Ball, location: 2F
1-2: Foul Ball, location: 2F
1-2: Ball
2-2: Foul Ball, location: 2F
2-2: Strikes out swinging
Batting: RHB Artie Turner 0-0: Ball
1-0: Ball
2-0: Ball
3-0: Called Strike
3-1: Foul Ball, location: 2F
3-2: Foul Ball, location: 2F
3-2: Foul Ball, location: 2F
3-2: Foul Ball, location: 2F
3-2: Strikes out looking
Batting: RHB Héctor Garza 0-0: Called Strike
0-1: Called Strike
0-2: Ball
1-2: Strikes out looking
Top of the 9th over - 0 runs, 0 hits, 0 errors, 0 left on base; Saskatoon 0 - Colorado 5
Saturday, April 7th, 2018 - OOTP Baseball 18.8 Build 76